 Dungeon Crawl Stone Soup version 0.30-a0-718-geaa24f58ff (webtiles) character file.

Game seed: 10076818467158542271

9448 demibob the Cruncher (level 11, -3/66 HPs)
             Began as a Tengu Gladiator on Jan 26, 2023.
             Was a Priest of Kikubaaqudgha.
             Slain by a two-headed ogre
             ... wielding a +0 giant spiked club
              (17 damage)
             ... on level 10 of the Dungeon.
             The game lasted 00:23:23 (9918 turns).

demibob the Cruncher (Tengu Gladiator)              Turns: 9918, Time: 00:23:24

Health: -3/66      AC:  7    Str: 25    XL:     11   Next: 46%
Magic:  12/12      EV: 18    Int:  9    God:    Kikubaaqudgha [***...]
Gold:   601        SH:  0    Dex: 19    Spells: 6/10 levels left

rFire   + + .      SeeInvis .    a - +1 quarterstaff (heavy)
rCold   + . .      Faith    .    (shield currently unavailable)
rNeg    . . .      Spirit   .    h - +1 leather armour {rF+}
rPois   .          Reflect  .    p - +1 hat of the Crushed Spirits {Str+4}
rElec   .          Harm     .    i - +0 cloak
rCorr   .          Rampage  .    (no gloves)
Will    .....                    (boots unavailable)
Stlth   +                        (no amulet)
HPRegen 0.31/turn                F - ring of protection from fire
MPRegen 0.13/turn                S - +6 ring of strength

@: flying quickly and evasively, quick
A: beak, talons 3, nimble flight, cold resistance 1
a: Renounce Religion, Unearth Wretches


You were on level 10 of the Dungeon.
You worshipped Kikubaaqudgha.
Kikubaaqudgha was most pleased with you.
You visited 3 branches of the dungeon, and saw 14 of its levels.
You also visited: Sewer and Bailey.

You collected 601 gold pieces.


Innate Abilities, Weirdness & Mutations

You have a beak for a mouth.
You have claws for feet.
Your magical nature lets you fly swiftly and evasively.
Your flesh is cold resistant. (rC+)


   Skills:
 - Level 6.9 Fighting
 - Level 14.0 Staves
 - Level 2.0 Throwing
 - Level 5.7 Armour
 + Level 5.6 Dodging
 + Level 6.9 Necromancy
 - Level 4.6 Evocations


You had 6 spell levels left.
You knew the following spells:

 Your Spells              Type           Power      Damage    Failure   Level
a - Animate Dead          Necr           12%        N/A       26%         4

Your spell library contained the following spells:

 Spells                   Type           Power      Damage    Failure   Level
 Necrotise                Necr           48%        1d6       2%          1
 Vampiric Draining        Necr           12%        2d6       8%          3
 Kiss of Death            Conj/Necr      24%        2d7       11%         1
 Cigotuvi's Dreadful Rot  Necr/Pois/Air  8%         N/A       26%         2
 Magic Dart               Conj           0%         1d3       41%         1
 Searing Ray              Conj           0%         2d4       56%         2
 Static Discharge         Conj/Air       0%         2-2/arc   56%         2
 Agony                    Necr           12%        N/A       58%         5
 Dazzling Flash           Conj/Hex       0%         N/A       80%         3
 Inner Flame              Hex/Fire       0%         N/A       80%         3
 Ozocubu's Armour         Ice            0%         N/A       80%         3
 Vhi's Electric Charge    Tloc/Air       0%         N/A       80%         3
 Borgnjor's Vile Clutch   Necr/Erth      3%         N/A       97%         5
 Cause Fear               Hex            0%         N/A       99%         4
 Fulminant Prism          Conj/Hex       0%         3d5       99%         4
 Iskenderun's Mystic Bla  Conj/Tloc      0%         2d3       99%         4
 Death Channel            Necr           6%         N/A       99%         6
 Arcjolt                  Conj/Air       0%         1d10      100%        5
 Lightning Bolt           Conj/Air       0%         1d11      100%        5
 Metabolic Englaciation   Hex/Ice        0%         N/A       100%        5
 Simulacrum               Ice/Necr       3%         N/A       100%        6
 Starburst                Conj/Fire      0%         6d3       100%        6
 Discord                  Hex            0%         N/A       100%        8

Inventory:

Hand Weapons
 a - a +1 heavy quarterstaff (weapon)
Missiles
 d - 3 throwing nets (quivered) {=f}
 e - a javelin
Armour
 h - a +1 leather armour of fire resistance (worn)
 i - a +0 cloak (worn)
 n - +0 ice dragon scales
 p - the +1 hat of the Crushed Spirits (worn) {Str+4}
   (You acquired it on level 7 of the Dungeon)

   Str:       It affects your strength (+4).
Magical Staves
 o - a staff of death {!a}
Jewellery
 C - a ring of ice
 F - a ring of protection from fire (left hand)
 M - a ring of magical power
 P - a ring of poison resistance
 S - a +6 ring of strength (right hand)
 W - a ring of willpower
Wands
 f - a wand of polymorph (7)
Scrolls
 g - 2 scrolls of enchant weapon
 m - a scroll of enchant armour
 v - a scroll of blinking
Potions
 b - a potion of ambrosia
 c - a potion of might
 j - 3 potions of flight
 k - 3 potions of mutation
 t - a potion of magic
 u - 3 potions of curing {@q1}
 z - 2 potions of brilliance
 A - 3 potions of cancellation
Miscellaneous
 s - a condenser vane (inert)

Dungeon Overview and Level Annotations

Branches:
Dungeon (12/15)            Temple (1/1) D:6            Lair (1/5) D:8
    Orc (0/2) D:9           Sewer (visited)          Bailey (visited)

Altars:
Ashenzari
Cheibriados
Dithmenos
Elyvilon
Fedhas
Gozag
Hepliaklqana
Kikubaaqudgha
Makhleb
Nemelex Xobeh
Okawaru
Qazlal
Ru
Sif Muna
Trog
Uskayaw
Vehumet
Wu Jian
Xom
Yredelemnul
Zin
The Shining One

Shops:
D:7 ?

Annotations:
D:3 2 transporters, elongatedgoose's ghost, weakling DsGl
D:10 Lobster4's ghost, journeyman DrCj

#.......#
#............
#..####.#
#............
#.#
#...####...##
#.# #...#
#...# #.#
#...# #...#
#.# #...#
#...# #.#
#...# #...#
#.######...#
#...#
#.O@.......#
#...#
#.D........#
#...#
#..........#
#...#
#..#####...#
#...# #..#
#...# #...#
#..# #...#
#...# #..#
#...# #...#
#..# #...#
#...# #..# .#
#...#


You could see a two-headed ogre and a steam dragon.


Message History

You claw the two-headed ogre, but do no damage.
The two-headed ogre is severely wounded.
The steam dragon bites you!
* * * LOW HITPOINT WARNING * * *
The steam dragon claws you but does no damage.
The two-headed ogre hits you with a +0 giant spiked club!
* * * LOW HITPOINT WARNING * * *
The two-headed ogre closely misses you.
You feel much better.
The steam dragon bites you but does no damage.
The steam dragon claws you but does no damage.
You hit the two-headed ogre but do no damage.
The two-headed ogre is severely wounded.
The two-headed ogre closely misses you.
The two-headed ogre hits you with a +0 giant club!!
* * * LOW HITPOINT WARNING * * *
The steam dragon bites you!
* * * LOW HITPOINT WARNING * * *
The steam dragon misses you.
Okay, then.
You barely miss the two-headed ogre. You claw the two-headed ogre.
The two-headed ogre is severely wounded.
The steam dragon closely misses you. The steam dragon misses you.
You sock the two-headed ogre!
You claw the two-headed ogre, but do no damage.
Your peck misses the two-headed ogre.
The two-headed ogre is almost dead.
The two-headed ogre hits you with a +0 giant spiked club!
You die...
Kikubaaqudgha rasps: "You have failed me!
Welcome... death!"

Skill      XL: |  1  2  3  4  5  6  7  8  9 10 11 |
---------------+----------------------------------+-----
Staves         | 5 6 7 8 10 12 14 | 14.0
Armour         | 4 5 |  5.7
Fighting       | 4 6 |  6.9
Necromancy     | 4 6 |  6.9
Evocations     | 4 |  4.6
Dodging        | 5 |  5.6
Throwing       | |  2.0

Action                     |  1- 3 |  4- 6 |  7- 9 | 10-12 || total
---------------------------+-------+-------+-------+-------++-------
  Melee: Quarterstaff      |    53 |   116 |   252 |   269 ||   690
         Kick              |     9 |    22 |    64 |    78 ||   173
         Peck              |     3 |    11 |    30 |    44 ||    88
  Evoke: Condenser vane    |       |       |     1 |     1 ||     2
         Wand              |       |       |     5 |    29 ||    34
    Use: Scroll            |     7 |       |    10 |     9 ||    26
         Potion            |       |     3 |     5 |     7 ||    15
   Stab: Sleeping          |     1 |     1 |     4 |       ||     6
         Invisible         |       |       |     1 |       ||     1
 Armour: Leather armour    |    13 |    17 |    52 |    49 ||   131
  Dodge: Dodged            |    29 |    59 |   169 |   171 ||   428

Levels and vault maps discovered:
D:1:      nzn_arrival_water_spiral, layout_loops_ring
D:2:      layout_basic, dk_vineyard_1, uniq_jessica
D:3:      minmay_evil_eye, layout_loops_corners, gammafunk_ghost_mausoleum,
          hangedman_decor_opposing, uniq_natasha, uniq_terence
D:4:      layout_loops_ring
D:5:      layout_loops_ring, uniq_sigmund
D:6:      layout_basic, minmay_temple_entry_from_below_a, portal_sewer_entry_e,
          kennysheep_pointless_box
D:7:      layout_cave_pods, cheibriados_altar_2, serial_shops,
          nicolae_take_the_stairs, guppyfry_early_elven_hall, uniq_joseph
D:8:      wander_kiku_kobolds, layout_gridville, erik_lair_island,
          enter_bailey_5
D:9:      layout_cave_pools, david_orc_2, fungi_pond_lemuel
D:10:     cheibrodos_elevator_heist, layout_long_grid, hellmonk_ghost_big_iron,
          minmay_misc_feat_nine_boxes, onia_ninara_dug_in_and_dangerous
D:11:     layout_basic
D:12:     layout_roguey
Temple:   mainiacjoe_temple_starburst
Lair:1:   layout_roguey, grunt_megastairs_4, uniq_sonja

Notes
Turn   | Place    | Note
-------+----------+-------------------------------------------
     0 | D:1      | demibob the Tengu Gladiator began the quest for the Orb.
     0 | D:1      | Reached XP level 1. HP: 12/12 MP: 2/2
   380 | D:1      | Reached XP level 2. HP: 12/17 MP: 3/3
   478 | D:1      | Reached skill level 4 in Staves
   961 | D:2      | Noticed Jessica
   968 | D:2      | Killed Jessica
   969 | D:2      | Reached skill level 5 in Staves
   969 | D:2      | Reached XP level 3. HP: 21/21 MP: 4/4
  1231 | D:3      | Reached XP level 4. HP: 25/26 MP: 5/5
  1234 | D:3      | Noticed elongatedgoose's ghost (weakling DsGl)
  1235 | D:3      | Found a transporter.
  1422 | D:3      | Found a transporter.
  1918 | D:3      | Noticed Terence
  1924 | D:3      | Gained mutation: Your flesh is cold resistant. (rC+)
                  | [potion of mutation]
  1925 | D:3      | Killed Terence
  1926 | D:3      | Reached skill level 6 in Staves
  2013 | D:3      | Gained mutation: Your magical nature lets you fly swiftly
                  | and evasively. [Tengu growth]
  2013 | D:3      | Reached XP level 5. HP: 30/30 MP: 6/6
  2058 | D:3      | Noticed Natasha
  2066 | D:3      | Killed Natasha
  2272 | D:3      | Noticed Natasha
  2282 | D:3      | Killed Natasha
  2558 | D:4      | Reached skill level 7 in Staves
  2615 | D:4      | Reached XP level 6. HP: 35/35 MP: 7/7
  2619 | D:4      | Noticed a black bear
  2632 | D:4      | Killed a black bear
  2633 | D:4      | Reached skill level 8 in Staves
  2884 | D:4      | Reached XP level 7. HP: 39/40 MP: 8/8
  3120 | D:5      | Entered Level 5 of the Dungeon
  3132 | D:5      | Reached skill level 9 in Staves
  3198 | D:5      | Noticed Sigmund
  3221 | D:5      | Killed Sigmund
  3337 | D:5      | Reached skill level 10 in Staves
  3615 | D:5      | Reached XP level 8. HP: 36/43 MP: 9/9
  3674 | D:5      | Identified the +2 robe of the Pleiades {rPois Int+7}
  4106 | D:6      | Reached skill level 11 in Staves
  4248 | D:6      | Found a glowing drain.
  4259 | Sewer    | Entered a sewer
  4724 | D:6      | Reached skill level 12 in Staves
  4919 | D:6      | Reached XP level 9. HP: 33/48 MP: 10/10
  5017 | D:6      | Reached skill level 13 in Staves
  5306 | D:6      | Found a staircase to the Ecumenical Temple.
  5839 | D:7      | Reached skill level 14 in Staves
  5853 | D:7      | Reached skill level 1 in Armour
  5991 | D:7      | Reached skill level 2 in Armour
  5991 | D:7      | Found a snail-covered altar of Cheibriados.
  6000 | D:7      | Reached skill level 3 in Fighting
  6070 | D:7      | Noticed a hornet
  6076 | D:7      | Killed a hornet
  6077 | D:7      | Reached skill level 3 in Armour
  6163 | Temple   | Entered the Ecumenical Temple
  6342 | Temple   | Became a worshipper of Kikubaaqudgha
  6434 | D:7      | Found Osoforur's Magic Scroll Boutique.
  6528 | D:7      | Noticed Joseph
  6556 | D:7      | Killed Joseph
  6557 | D:7      | Reached skill level 4 in Fighting
  6557 | D:7      | Reached skill level 4 in Armour
  6557 | D:7      | Reached XP level 10. HP: 36/58 MP: 11/11
  6809 | D:7      | Noticed a deep elf pyromancer
  6816 | D:7      | Killed a deep elf pyromancer
  6817 | D:7      | Reached skill level 5 in Fighting
  6817 | D:7      | Reached skill level 5 in Armour
  7146 | D:7      | Identified a scroll of acquirement
  7146 | D:7      | Acquired the +1 hat of the Crushed Spirits {Str+4}
  7405 | D:8      | Reached skill level 1 in Necromancy
  7405 | D:8      | Reached skill level 1 in Evocations
  7409 | D:8      | Reached skill level 6 in Fighting
  7415 | D:8      | Reached skill level 2 in Necromancy
  7442 | D:8      | Reached skill level 2 in Evocations
  7525 | D:8      | Reached * piety under Kikubaaqudgha
  7525 | D:8      | Received a gift from Kikubaaqudgha
  7583 | D:8      | Reached skill level 3 in Necromancy
  7653 | D:8      | Found a flagged portal.
  7672 | D:8      | Reached skill level 3 in Evocations
  7690 | Bailey   | Entered a bailey
  7990 | Bailey   | Noticed an orc knight
  7990 | Bailey   | Noticed an orc knight
  8193 | D:8      | Reached ** piety under Kikubaaqudgha
  8200 | D:8      | Reached skill level 4 in Necromancy
  8233 | D:8      | Reached skill level 4 in Evocations
  8233 | D:8      | Reached XP level 11. HP: 59/66 MP: 12/12
  8394 | D:8      | Reached *** piety under Kikubaaqudgha
  8394 | D:8      | Received a gift from Kikubaaqudgha
  8422 | D:8      | Learned a level 4 spell: Animate Dead
  8646 | D:8      | Reached skill level 5 in Necromancy
  8794 | D:8      | Found a staircase to the Lair.
  8928 | D:8      | Found an ancient bone altar of Kikubaaqudgha.
  9078 | Lair:1   | Entered Level 1 of the Lair of Beasts
  9160 | D:9      | Reached skill level 4 in Dodging
  9337 | D:9      | Reached skill level 6 in Necromancy
  9363 | D:9      | Found a staircase to the Orcish Mines.
  9364 | D:9      | You are sucked into a shaft and drop 3 floors!
  9385 | D:11     | Noticed a manticore
  9403 | D:11     | Killed a manticore
  9553 | D:10     | Entered Level 10 of the Dungeon
  9567 | D:10     | Reached skill level 5 in Dodging
  9744 | D:10     | Noticed Lobster4's ghost (journeyman DrCj)
  9880 | D:10     | Noticed a two-headed ogre
  9918 | D:10     | Slain by a two-headed ogre

Vanquished Creatures
  A deep elf pyromancer (D:7)
  A manticore (D:11)
  Joseph (D:7)
  A kobold demonologist (D:8)
  A troll (D:8)
  2 hornets
  Sigmund (D:5)
  9 yaks
  4 vampire mosquitoes (D:7)
  An acid dragon (D:8)
  A sky beast (D:6)
  3 black bears
  6 orc warriors
  3 wolves (D:8)
  2 ogres (D:6)
  2 centaurs
  10 kobold brigands
  5 bullfrogs
  5 necrophages
  3 scorpions
  A gnoll sergeant (D:9)
  10 wights
  5 killer bees (D:8)
  3 electric eels (D:8)
  3 gnoll boudas
  6 orc priests
  5 hounds
  2 jellies (D:7)
  Jessica (D:2)
  3 iguanas
  Natasha (twice) (D:3)
  Terence (D:3)
  10 orc wizards
  6 adders
  20 gnolls
  2 river rats (D:6)
  A shadow imp (D:8)
  7 worms
  A dart slug (D:4)
  35 orcs
  13 endoplasms
  15 giant cockroaches
  10 goblins
  8 hobgoblins
  4 jackals (D:4)
  32 kobolds
  15 quokkas
  19 ball pythons
  2 bats
  8 frilled lizards
  10 kobold skeletons (D:8)
  8 kobold zombies (D:8)
  9 rats
339 creatures vanquished.

Vanquished Creatures (collateral kills)
  An orc warrior (Bailey)
  6 orcs
7 creatures vanquished.

Vanquished Creatures (others)
  An orc warrior (Bailey)
  2 orcs
  2 fungi (D:9)
  A plant (D:10)
6 creatures vanquished.

Grand Total: 352 creatures vanquished

Table legend: (Time is in decaauts)
 A = Elapsed time spent in this place.
 B = Non-inter-level travel time spent in this place.
 C = Inter-level travel time spent in this place.
 D = Time resting spent in this place.
 E = Time spent auto-exploring this place.
 F = Levels seen in this place.
 G = Mean time per level.
                   A        B        C        D        E       F      G
               +--------+--------+--------+--------+--------+-----+--------+
         Total |   9445 |   9091 |    354 |   1010 |   5982 |  16 |  590.3 |
       Dungeon |   8555 |   8253 |    302 |    815 |   5666 |  12 |  712.9 |
        Temple |    212 |    161 |     51 |      0 |    151 |   1 |  212.0 |
          Lair |      2 |      2 |      0 |      0 |      0 |   1 |    2.0 |
         Sewer |    345 |    345 |      0 |    100 |     83 |   1 |  345.0 |
        Bailey |    329 |    329 |      0 |     95 |     80 |   1 |  329.0 |
               +--------+--------+--------+--------+--------+-----+--------+

Top non-repeatable levels by time:
     D:7: 1407 daAuts
     D:8: 1353 daAuts
     D:3: 1136 daAuts
     D:6: 1099 daAuts
     D:5: 858 daAuts
     D:1: 720 daAuts
     D:4: 709 daAuts
     D:2: 483 daAuts
    D:10: 347 daAuts
   Sewer: 345 daAuts
  Bailey: 329 daAuts
     D:9: 254 daAuts
  Temple: 212 daAuts
    D:11: 170 daAuts
    D:12: 15 daAuts

Table legend:
 A = Non-vault XP
 B = Vault XP
 C = Vault XP percentage of total XP
 D = Non-vault monster count
 E = Vault monster count
 F = Vault count percentage of total count
                 A         B        C        D         E       F
            +---------+---------+-------+---------+---------+-------
      Total |    8939 |    4559 |  33.8 |     195 |     151 |  43.6
            +---------+---------+-------+---------+---------+-------
        D:1 |      15 |       0 |   0.0 |      10 |       0 |   0.0
        D:2 |      23 |      37 |  61.7 |      11 |       1 |   8.3
        D:3 |      97 |      74 |  43.3 |      26 |       3 |  10.3
        D:4 |     421 |       0 |   0.0 |      24 |       0 |   0.0
        D:5 |     492 |     223 |  31.2 |      12 |       1 |   7.7
        D:6 |    1568 |      39 |   2.4 |      27 |       8 |  22.9
        D:7 |    1871 |    1111 |  37.3 |      30 |       2 |   6.2
        D:8 |    1720 |    2046 |  54.3 |      25 |      63 |  71.6
        D:9 |     706 |     276 |  28.1 |      22 |       4 |  15.4
       D:10 |    1493 |       0 |   0.0 |       7 |       0 |   0.0
       D:11 |     533 |       0 |   0.0 |       1 |       0 |   0.0
      Sewer |       0 |     194 | 100.0 |       0 |      48 | 100.0
     Bailey |       0 |     559 | 100.0 |       0 |      21 | 100.0
            +---------+---------+-------+---------+---------+-------
